 Dungeon Crawl Stone Soup version 0.26.1-2-gb8aa6d0cf2 (webtiles) character file.

Game seed: 17124907126635355473

18519 Ladykiller69 the Severer (level 12, -5/116 HPs)
             Began as a Hill Orc Fighter on Mar 19, 2021.
             Was a Follower of Wu Jian.
             Killed by divine providence
             ... invoked by an orc priest
              (17 damage)
             ... on level 1 of the Orcish Mines.
             The game lasted 00:30:19 (13008 turns).

Ladykiller69 the Severer (Hill Orc Fighter)        Turns: 13008, Time: 00:30:19

Health: -5/116     AC: 20    Str: 19    XL:     12   Next: 59%
Magic:  12/12      EV:  5    Int:  4    God:    Wu Jian [*.....]
Gold:   731        SH:  0    Dex: 11    Spells: 11/11 levels left

rFire    . . .     SeeInvis .   b - +4 battleaxe
rCold    . . .     Faith    .   (shield currently unavailable)
rNeg     . . .     Spirit   .   c - +1 plate armour {rPois}
rPois    +         Reflect  .   (no helmet)
rElec    .         Harm     .   D - +1 cloak
rCorr    +         Rampage  .   H - +2 pair of gloves
Will     .....                  P - +1 pair of boots
Stlth    ..........             A - amulet of regeneration
HPRegen  0.69/turn              I - ring of poison resistance
MPRegen  0.13/turn              x - ring of resist corrosion

@: no status effects
A: [dopey 2], [screaming 2], [weak 2]
a: Renounce Religion, Convert to Beogh


You were on level 1 of the Orcish Mines.
You worshipped Wu Jian.
Wu Jian was aware of your devotion.
You visited 3 branches of the dungeon, and saw 14 of its levels.
You visited the Abyss 1 time.
You also visited: Bailey.

You collected 731 gold pieces.

Inventory:

Hand Weapons
 b - a +4 battleaxe (weapon)
Missiles
 z - 70 poisoned darts
 N - 4 atropa-tipped darts (quivered)
 R - 2 silver javelins
Armour
 c - a +1 plate armour of poison resistance (worn)
 D - a +1 cloak (worn)
 H - a +2 pair of gloves (worn)
 L - +0 acid dragon scales
 O - a +0 troll leather armour
 P - a +1 pair of boots (worn)
Jewellery
 t - an uncursed ring of fire
 x - a ring of resist corrosion (right hand)
 A - an amulet of regeneration (around neck)
 I - a ring of poison resistance (left hand)
 M - a +6 ring of dexterity {unknown}
 S - an uncursed ring of willpower {unknown}
Wands
 a - a wand of random effects (12)
 u - a wand of flame (24)
 y - a wand of iceblast (19)
 G - a wand of paralysis (14)
 T - a wand of disintegration (14)
Scrolls
 e - 3 scrolls of amnesia
 f - 7 scrolls of remove curse
 h - 2 scrolls of random uselessness
 i - a scroll of fog
 l - a scroll of immolation
 m - 10 scrolls of teleportation
 n - 3 scrolls of enchant weapon
 p - 2 scrolls of fear
 B - 2 scrolls of vulnerability
 C - a scroll of noise
 E - a scroll of blinking {unknown}
 J - a scroll of magic mapping {unknown}
 Q - a scroll of acquirement {unknown}
 V - a scroll of summoning {unknown}
Potions
 d - a potion of might
 g - 3 potions of attraction
 j - 2 potions of mutation
 k - 3 potions of degeneration
 r - 9 potions of curing
 s - a potion of resistance
 v - 2 potions of magic
 w - 3 potions of flight
 F - 2 potions of lignification
 K - a potion of experience {unknown}
 U - a potion of invisibility {unknown}
 W - a potion of ambrosia {unknown}


   Skills:
 + Level 13.9 Fighting
 * Level 19.6 Axes
 - Level 4.0 Armour
 - Level 3.6 Shields


You had 11 spell levels left.
You didn't know any spells.
Your spell library contained the following spells:

 Spells                   Type           Power        Failure   Level
 Animate Skeleton         Necr           0%           100%        1
 Apportation              Tloc           0%           100%        1
 Beastly Appendage        Tmut           0%           100%        1
 Corona                   Hex            0%           100%        1
 Summon Small Mammal      Summ           0%           100%        1
 Blink                    Tloc           N/A          100%        2
 Wereblood                Tmut           0%           100%        2
 Gell's Gravitas          Tloc           0%           100%        3
 Lesser Beckoning         Tloc           0%           100%        3
 Spider Form              Tmut/Pois      0%           100%        3
 Teleport Other           Tloc           0%           100%        3
 Vampiric Draining        Necr           0%           100%        3
 Ice Form                 Ice/Tmut       0%           100%        4
 Passage of Golubria      Tloc           N/A          100%        4
 Agony                    Necr           0%           100%        5
 Blade Hands              Tmut           0%           100%        5
 Bolt of Magma            Conj/Fire/Erth 0%           100%        5
 Iskenderun's Battlesphe  Conj           0%           100%        5
 Death Channel            Necr           0%           100%        6
 Iron Shot                Conj/Erth      0%           100%        6
 Simulacrum               Ice/Necr       0%           100%        6
 Orb of Destruction       Conj           0%           100%        7
 Spellforged Servitor     Conj/Summ      0%           100%        7


Dungeon Overview and Level Annotations

Branches:
Dungeon (12/15)            Temple (1/1) D:6            Lair (0/6) D:8
    Orc (1/2) D:10         Bailey (visited)

Altars:
Ashenzari
Cheibriados
Dithmenos
Elyvilon
Fedhas
Gozag
Hepliaklqana
Kikubaaqudgha
Makhleb
Nemelex Xobeh
Okawaru
Qazlal
Ru
Sif Muna
Trog
Uskayaw
Vehumet
Wu Jian
Xom
Yredelemnul
Zin
The Shining One


Innate Abilities, Weirdness & Mutations

[You are very dopey. (Int -4)]
[You sometimes yell uncontrollably at your foes.]
[You are very weak. (Str -4)]


Message History

The orc priest hits you but does no damage.
The orc warrior hits you but does no damage.
The orc throws a boomerang.
The boomerang hits you.
* * * LOW HITPOINT WARNING * * *
The weapon returns to the orc!
The troll bites you but does no damage.
The troll claws you but does no damage. x2
The orc wizard hits you but does no damage.
The orc hits you but does no damage.
The orc priest hits you but does no damage.
Your magical effects are unravelling.
You feel magically purged.
You feel less wooden.
Your +1 cloak unmelds from your body.
Your +2 pair of gloves unmelds from your body.
Your +1 pair of boots unmelds from your body.
Your +1 plate armour of poison resistance unmelds from your body.
You feel resistant to poison.
The orc priest mumbles some strange prayers to Beogh against you.
Beogh smites you!
You die...

................
#..............#
..............#.
......$.........
........$.......
................
......[[o)......
......)o)))o.....
...$..o.o....$..
................
........$.......
............$..#
...........#.#.#
...........#...


You could see a troll, 3 orc warriors, 3 orc priests, 2 orc wizards and 2 orcs.

Vanquished Creatures
  An orc warlord (Bailey)
  Harold (D:7)
  A boulder beetle (D:11)
  5 two-headed ogres
  The ghost of Tsundere the Spear-Bearer, a novice HOFi of Ashenzari (D:9)
  2 ugly things (D:11)
  A troll (D:12)
  A hornet (D:9)
  2 basilisks (D:8)
  17 yaks
  2 wyverns (D:8)
  An acid dragon (D:8)
  A soldier ant (D:9)
  19 orc warriors
  3 sky beasts
  Duvessa (D:7)
  2 ice beasts
  3 phantoms
  An eye of draining (D:12)
  A black bear (D:11)
  A necrophage (D:5)
  7 ogres
  3 centaurs
  A big kobold (D:10)
  8 bullfrogs
  A wyvern zombie (D:8)
  A gnoll sergeant (D:9)
  Dowan (D:7)
  3 scorpions
  9 killer bees
  7 wights (D:7)
  2 howler monkeys (D:9)
  A centaur zombie (D:10)
  A quasit (D:6)
  4 centaur skeletons
  Crazy Yiuf (D:5)
  8 hounds
  A gnoll shaman (D:8)
  4 orc priests (Orc:1)
  A bullfrog skeleton (D:5)
  4 jellies
  15 orc wizards
  Jessica (D:3)
  2 iguanas (D:9)
  10 worker ants
  17 gnolls
  A howler monkey skeleton (D:9)
  15 adders
  A shadow imp (D:9)
  4 white imps
  4 ufetubi
  An ooze (D:6)
  An adder skeleton (D:8)
  A worm (D:2)
  3 dart slugs
  5 leopard geckos
  73 orcs
  9 giant cockroaches
  26 goblins
  32 hobgoblins
  8 jackals
  4 quokkas
  A ball python (D:1)
  4 bats
  3 frilled lizards
  A jackal skeleton (D:4)
  14 kobolds
  A leopard gecko zombie (D:6)
  A quokka skeleton (D:5)
  8 rats
401 creatures vanquished.

Notes
Turn   | Place    | Note
-------+----------+-------------------------------------------
     0 | D:1      | Ladykiller69 the Hill Orc Fighter began the quest for the
                  | Orb.
     0 | D:1      | Reached XP level 1. HP: 19/19 MP: 1/1
   106 | D:1      | Reached skill level 3 in Axes
   131 | D:1      | Reached XP level 2. HP: 27/27 MP: 2/2
   856 | D:2      | Reached XP level 3. HP: 33/33 MP: 3/3
  1315 | D:2      | Reached skill level 4 in Axes
  1419 | D:2      | Reached XP level 4. HP: 40/40 MP: 4/4
  1580 | D:2      | Found a sparkling altar of Nemelex Xobeh.
  1636 | D:2      | Found a glowing silver altar of Zin.
  2023 | D:3      | Reached XP level 5. HP: 42/47 MP: 5/5
  2026 | D:3      | Reached skill level 5 in Axes
  2226 | D:3      | Found a burning altar of Makhleb.
  2226 | D:3      | Noticed a balrug
  2303 | D:3      | Noticed a centaur
  2308 | D:3      | Killed a centaur
  2309 | D:3      | Reached skill level 5 in Fighting
  2309 | D:3      | Reached skill level 6 in Axes
  2309 | D:3      | Reached XP level 6. HP: 37/56 MP: 6/6
  2609 | D:3      | Noticed Jessica
  2613 | D:3      | Killed Jessica
  3101 | D:4      | Noticed a +0 hand axe
  3102 | D:4      | Found a hide-covered altar of Uskayaw.
  3102 | D:4      | Noticed a +0 hand axe
  3120 | D:4      | Reached skill level 7 in Axes
  3470 | D:4      | Found a bloodstained altar of Trog.
  3528 | D:4      | Reached XP level 7. HP: 61/62 MP: 7/7
  4063 | D:5      | Entered Level 5 of the Dungeon
  4097 | D:5      | Found an ancient bone altar of Kikubaaqudgha.
  4160 | D:5      | Got a shimmering long sword
  4274 | D:5      | Reached skill level 8 in Axes
  4645 | D:5      | Found a runed translucent door.
  4646 | D:5      | Noticed Crazy Yiuf
  4708 | D:5      | Killed Crazy Yiuf
  4870 | D:5      | Found a shimmering altar of Xom.
  4974 | D:5      | Reached skill level 9 in Axes
  5240 | D:5      | Reached XP level 8. HP: 71/71 MP: 8/8
  5862 | D:6      | Reached skill level 10 in Axes
  5965 | D:6      | Found a staircase to the Ecumenical Temple.
  5977 | Temple   | Entered the Ecumenical Temple
  7122 | D:6      | Reached skill level 11 in Axes
  7290 | D:7      | Noticed Duvessa
  7305 | D:7      | Killed Duvessa
  7306 | D:7      | Noticed Dowan
  7322 | D:7      | Killed Dowan
  7512 | D:7      | Reached XP level 9. HP: 67/82 MP: 9/9
  7596 | D:7      | Reached skill level 12 in Axes
  7853 | D:7      | Noticed Harold
  8296 | D:8      | Reached skill level 13 in Axes
  8472 | D:7      | Killed Harold
  8473 | D:7      | Reached skill level 10 in Fighting
  8473 | D:7      | Reached skill level 14 in Axes
  8473 | D:7      | Reached XP level 10. HP: 79/93 MP: 3/10
  9072 | D:8      | Found a blossoming altar of Fedhas.
  9451 | D:8      | Reached skill level 15 in Axes
  9485 | D:8      | Found a staircase to the Lair.
 10043 | D:10     | Entered Level 10 of the Dungeon
 10071 | D:10     | Found a staircase to the Orcish Mines.
 10150 | D:10     | You fall into a shaft and drop 2 floors!
 10150 | D:12     | Noticed a two-headed ogre
 10162 | D:12     | Killed a two-headed ogre
 10166 | D:12     | Reached skill level 16 in Axes
 10178 | D:12     | Reached XP level 11. HP: 98/102 MP: 1/11
 10296 | D:12     | Noticed a two-headed ogre
 10316 | D:12     | Killed a two-headed ogre
 10389 | D:12     | Noticed a two-headed ogre
 10398 | D:12     | Killed a two-headed ogre
 10420 | D:12     | Reached skill level 17 in Axes
 10469 | D:11     | Noticed a two-headed ogre
 10474 | D:11     | Killed a two-headed ogre
 10485 | D:11     | Noticed a red ugly thing
 10503 | D:11     | Killed a red ugly thing
 10604 | D:11     | Noticed a four-headed hydra
 10791 | D:11     | Noticed a white ugly thing
 10835 | D:11     | Killed a white ugly thing
 10836 | D:11     | Reached skill level 18 in Axes
 10911 | D:11     | Noticed a boulder beetle
 10939 | D:11     | Killed a boulder beetle
 10956 | D:11     | Found a flagged portal.
 10962 | Bailey   | Entered a bailey
 11157 | Bailey   | Reached XP level 12. HP: 111/115 MP: 12/12
 11376 | Bailey   | Noticed an orc warlord
 11398 | Bailey   | Killed an orc warlord
 11588 | Bailey   | Identified Kikubaaqudgha's Almanac of Sinister Rituals
 11808 | D:10     | Reached skill level 19 in Axes
 12116 | D:9      | Noticed a two-headed ogre
 12125 | D:9      | Killed a two-headed ogre
 12218 | D:9      | Found an ornate altar of the Wu Jian Council.
 12222 | D:9      | Became a worshipper of the Wu Jian Council
 12232 | D:9      | Found a stormy altar of Qazlal.
 12281 | D:9      | Found a runed translucent door.
 12285 | D:9      | Noticed Tsundere's ghost (novice HOFi)
 12315 | D:9      | Killed Tsundere's ghost
 12578 | D:9      | Paralysed by a gnoll sergeant for 3 turns
 12582 | D:9      | Cast into level 1 of the Abyss (gnoll sergeant)
 12593 | Abyss:1  | Noticed a starcursed mass
 12615 | Abyss:2  | Found a corrupted altar of Lugonu.
 12670 | Abyss:2  | Noticed a wretched star
 12707 | Abyss:2  | Noticed a starcursed mass
 12716 | D:9      | Escaped the Abyss
 12911 | Orc:1    | Entered Level 1 of the Orcish Mines
 12994 | Orc:1    | Reached * piety under Wu Jian
 13003 | Orc:1    | HP: 5/174 [troll (7)]
 13008 | Orc:1    | Killed from afar by an orc priest

Illustrated notes

Levels and vault maps discovered:
D:1:      sevenhm_arrival_forest_fort_large_4, layout_loops_ring
D:2:      layout_rooms, lemuel_doored_altar, zin_treasury, minmay_diced_spiral
D:3:      layout_basic, makhleb_altar_promises_db, uniq_jessica
D:4:      layout_basic, dancing_weapons_uskayaw, general_overflow_altar
D:5:      minmay_opposing_rooms, layout_gridville, overflow_temple_1_default,
          xom_teletrap_fun, minmay_misc_feat_columns, uniq_crazy_yiuf_cottage
D:6:      layout_basic, minmay_temple_entry_drinking_statues, skrybe_limestone_x
D:7:      layout_loops_ring, uniq_harold, uniq_duvessa
D:8:      layout_basic, lemuel_coloured_pillars_altar, erik_lair_dragon,
          kennysheep_small_square
D:9:      kennysheep_blocky_hall, layout_loops_ring,
          amethyst_overflow_temple_binary, ebering_ghost_reflecting_pool
D:10:     layout_stronghold, orc_david_3, chequers_serial_rivers_marsh
D:11:     layout_basic, enter_bailey_3,
          hangedman_abyss_or_decor_jellyfish_corner
D:12:     layout_irregular_city, serial_shops, nicolae_shop_window_shopping
Temple:   minmay_temple_forest_path
Orc:1:    layout_caves, serial_shops, shop_fountains

Skill      XL: |  1  2  3  4  5  6  7  8  9 10 11 12 |
---------------+-------------------------------------+-----
Axes           | 3 4 6 7 9 11 14 16 18 19 | 19.6
Fighting       | 4 5 6 8 10 11 13 | 13.9
Armour         | 4 |  4.0
Shields        | |  3.6

Action                   |  1- 3 |  4- 6 |  7- 9 | 10-12 || total
-------------------------+-------+-------+-------+-------++-------
Melee: War axe           |   103 |   129 |   340 |       ||   572
       Battleaxe         |       |       |    80 |   486 ||   566
Throw: Javelin           |       |     2 |     2 |     2 ||     6
       Dart              |       |       |       |     3 ||     3
Invok: Lunge             |       |       |       |     7 ||     7
Evoke: Wand              |       |       |       |    12 ||    12
  Use: Scroll            |       |       |    14 |     7 ||    21
       Potion            |       |       |     1 |     5 ||     6
 Stab: Paralysed         |       |       |       |     8 ||     8
Armor: Scale mail        |    51 |    37 |       |       ||    88
       Chain mail        |       |    19 |    75 |       ||    94
       Plate armour      |       |       |   148 |   232 ||   380
       Skin              |       |       |       |    72 ||    72
Dodge: Dodged            |    34 |    36 |    71 |   104 ||   245
Block: Kite shield       |    48 |    70 |   147 |       ||   265
